 Dungeon Crawl Stone Soup version 0.20.1-1-g8b1a95d (webtiles) character file.

10 Monsterracer the Scratcher (level 2, 0/12 HPs)
             Began as a Felid Transmuter on Sept 3, 2017.
             Slain by a kobold
             ... wielding a +1 dagger of draining
              (2 damage)
             ... on level 1 of the Dungeon.
             The game lasted 00:00:48 (629 turns).

Monsterracer the Scratcher (Felid Transmuter)        Turns: 629, Time: 00:00:49

Health: 0/12       AC:  1    Str:  6    XL:     2   Next: 10%
Magic:  1/6        EV: 17    Int: 14    God:
Gold:   29         SH:  0    Dex: 16    Spells: 2/5 levels left
                                        Lives:  0   Deaths: 0

rFire    . . .     SeeInvis +     - Unarmed
rCold    . . .     Gourm    .   (shield unavailable)
rNeg     . . .     Faith    .   (armour unavailable)
rPois    .         Spirit   .   (helmet unavailable)
rElec    .         Reflect  .   (cloak unavailable)
rCorr    .         Harm     .   (gloves unavailable)
MR       .....                  (boots unavailable)
Stlth    ++........             (no amulet)
Regen    0.1/turn               (no ring)
MPRegen  0.1/turn               (no ring)

@: very slightly contaminated, drained, quick
A: no armour, no weapons or thrown items, stealth, claws 1, fangs 3, see
invisible, carnivore 3, speed 1, shaggy fur 1, slow metabolism 1, sharp paws
a: no special abilities


You were on level 1 of the Dungeon.
You were not hungry.

You visited 1 branch of the dungeon, and saw 1 of its levels.

You collected 29 gold pieces.

Inventory:

Missiles
 a - 27 arrows
Scrolls
 d - 2 scrolls of recharging {unknown}
 e - a scroll of remove curse {unknown}
Potions
 f - a potion of haste {unknown}
 g - a potion of lignification {unknown}
Books
 b - a book of Changes

   Spells                             Type                      Level
   a - Beastly Appendage              Transmutation                1
   b - Sticks to Snakes               Transmutation                2
   c - Spider Form                    Transmutation/Poison         3
   d - Ice Form                       Ice/Transmutation            4
   e - Blade Hands                    Transmutation                5
Comestibles
 c - a meat ration


   Skills:
 - Level 1.0(0.5) Fighting
 - Level 2.6(2.1) Dodging
 + Level 3.3(2.7) Unarmed Combat
 - Level 2.0(1.5) Spellcasting
 + Level 2.7(2.2) Transmutations


You had 2 spell levels left.
You knew the following spells:

 Your Spells              Type           Power        Failure   Level  Hunger
a - Beastly Appendage     Tmut           #.....       10%         1    ##.....
b - Sticks to Snakes      Tmut           #.......     16%         2    ###....


Dungeon Overview and Level Annotations

Branches:
Dungeon (1/15)

Altars:
The Shining One


Innate Abilities, Weirdness & Mutations

You cannot wear armour.
You are incapable of wielding weapons or throwing items.
Your paws allow you to move quietly. (Stealth)
You have sharp claws.
You have razor-sharp teeth.
You have supernaturally acute eyesight. (SInv)
You are carnivorous and can eat meat at any time.
You cover ground quickly.
You are covered in fur. (AC +1)
You have a slow metabolism.
Your sharp claws are effective at attacking unaware monsters.


Message History

Casting: Sticks to Snakes
Confirm with . or Enter, or press ? or * to list all spells.
You miscast Sticks to Snakes.
You are very lightly contaminated with residual magic.
Multicoloured lights dance before your eyes!
Casting: Sticks to Snakes
Confirm with . or Enter, or press ? or * to list all spells.
You create a snake!
You now have 27 arrows.
* * * LOW MAGIC WARNING * * *
The kobold hits you with a dagger of draining.
* * * LOW HITPOINT WARNING * * *
You feel drained.
* * * LOW HITPOINT WARNING * * *
Huge Dmg: -50%(-6hp) hp: 17%(2hp)
Your ball python bites the kobold.
Your ball python grabs the kobold.
Your ball python constricts the kobold.
You barely miss the kobold.
The kobold is heavily wounded.
The kobold hits you with a dagger of draining.
You die...

.## ..$ ..# ...# #.# ... #.# ..#
### #.##..# ..# #.#..# ##..##
#)#..# #....####.K..#
#.......#S.@## #....##....###
###....#.......# ###########
####........##..#.#####.........#
#....#....####.##.##.)..........#
.....................##.........#
#..######...########.######.#####
#.#######...########.# #.# ..#
#..##.⌠..........# #.#


You could see a kobold and a friendly ball python.

Vanquished Creatures
  A leopard gecko (D:1)
  A giant cockroach (D:1)
  2 hobgoblins (D:1)
  2 bats (D:1)
  3 rats (D:1)
9 creatures vanquished.

Notes
Turn   | Place    | Note
-------+----------+-------------------------------------------
     0 | D:1      | Monsterracer the Felid Transmuter began the quest for the Orb.
     0 | D:1      | Reached XP level 1. HP: 9/9 MP: 4/4
   314 | D:1      | Found a glowing golden altar of the Shining One.
   396 | D:1      | Reached XP level 2. HP: 8/12 MP: 6/6
   496 | D:1      | HP: 6/12 [hobgoblin/club (4)]
   617 | D:1      | Learned a level 2 spell: Sticks to Snakes
   626 | D:1      | HP: 3/12 [kobold/dagger of draining (5)]
   629 | D:1      | Slain by a kobold

Action                   || total
-------------------------++-------
Melee: Unarmed           ||    36
       Bite              ||     3
 Cast: Sticks to Snakes  ||     2
 Stab: Sleeping          ||     1
  Eat: Chunk             ||     2
Armor: Skin              ||     1
Dodge: Dodged            ||    31
